 Dungeon Crawl Stone Soup version 0.22-a0-880-gb7b0c8b (webtiles) character file.

142592 inc the Ogre Mage (level 17, -3/170 HPs)
             Began as an Ogre Fire Elementalist on July 27, 2018.
             Was a High Priest of Okawaru.
             Slain by a shock serpent (12 damage)
             ... on level 3 of the Snake Pit on July 30, 2018.
             The game lasted 01:55:35 (35638 turns).

inc the Ogre Mage (Ogre Fire Elementalist)         Turns: 35638, Time: 01:55:35

Health: -3/170     AC: 17    Str: 16    XL:     17   Next: 35%
Magic:  39/45      EV:  8    Int: 19    God:    Okawaru [*****.]
Gold:   2033       SH:  0    Dex:  9    Spells: 24/46 levels left

rFire    + + +     SeeInvis .   b - staff of fire
rCold    . . .     Gourm    .   (no shield)
rNeg     . . .     Faith    .   I - +4 swamp dragon scales "Gulitt" {+Inv rPois rCorr Slay-4}
rPois    +         Spirit   .   X - +2 hat of Gravity {rF+ Regen+ Str-2}
rElec    .         Reflect  .   N - +2 cloak
rCorr    +         Harm     .   (gloves unavailable)
MR       +....                  (boots unavailable)
Stlth    +.........             p - amulet of magic regeneration
HPRegen  0.78/turn              z - ring of magical power
MPRegen  0.54/turn              s - ring of protection from fire

@: no status effects
A: large, unfitting armour, tough skin 1
a: Heroism, Finesse, Renounce Religion, Evoke Invisibility


You were on level 3 of the Snake Pit.
You worshipped Okawaru.
Okawaru was extremely pleased with you.
You were hungry.

You visited 5 branches of the dungeon, and saw 27 of its levels.
You also visited: Bailey and Volcano.

You collected 2385 gold pieces.
You spent 352 gold pieces at shops.

Inventory:

Hand Weapons
 a - the +1 giant club "Muschaarph" {venom, rC+ Stlth+}
   (Okawaru gifted it to you on level 5 of the Lair of Beasts)

   It poisons the flesh of those it strikes.
   It protects you from cold.
   It makes you more stealthy.
 O - a +0 giant spiked club
Missiles
 Q - 12 large rocks (quivered)
Armour
 I - the +4 swamp dragon scales "Gulitt" (worn) {+Inv rPois rCorr Slay-4}
   (Okawaru gifted it to you on level 6 of the Lair of Beasts)

   It affects your accuracy and damage with ranged weapons and melee attacks
   (-4).
   It protects you from poison.
   It lets you turn invisible.
   It provides partial protection from all sources of acid and corrosion.
 M - a +2 robe of the Archmagi
 N - a +2 cloak (worn)
 X - the +2 hat of Gravity (worn) {rF+ Regen+ Str-2}
   (Okawaru gifted it to you on level 2 of the Lair of Beasts)

   It affects your strength (-2).
   It protects you from fire.
   It increases your rate of regeneration.
Magical Staves
 b - an uncursed staff of fire (weapon)
 J - an uncursed staff of wizardry
Jewellery
 e - an uncursed ring of protection from magic
 g - an uncursed ring of stealth
 p - an amulet of magic regeneration (around neck)
 s - a ring of protection from fire (right hand)
 z - a ring of magical power (left hand)
Wands
 n - a wand of iceblast (27)
 v - a wand of digging (21)
 y - a wand of paralysis (66)
 E - a wand of acid (7)
 U - a wand of disintegration (24)
Scrolls
 d - 2 scrolls of brand weapon {unknown}
 f - 4 scrolls of enchant armour
 h - 7 scrolls of remove curse
 q - 2 scrolls of immolation
 r - a scroll of silence
 t - a scroll of fear
 w - 4 scrolls of teleportation
 C - a scroll of summoning
 D - 3 scrolls of vulnerability
 F - a scroll of amnesia
 H - a scroll of fog
 L - 5 scrolls of identify
 W - 3 scrolls of enchant weapon
Potions
 i - a potion of invisibility {unknown}
 l - a potion of might
 m - 2 potions of curing
 o - 4 potions of resistance
 u - a potion of heal wounds
 x - 4 potions of flight
 A - 3 potions of brilliance
 G - a potion of mutation
 P - 2 potions of agility
 R - a potion of ambrosia
 T - 2 potions of berserk rage
 Y - a potion of cancellation
Comestibles
 c - 11 rations


   Skills:
 - Level 11.1 Fighting
 - Level 13.1 Maces & Flails
 - Level 0.4 Armour
 - Level 1.7 Dodging
 - Level 1.4 Stealth
 + Level 15.4 Spellcasting
 - Level 13.4 Conjurations
 - Level 13.4 Fire Magic
 - Level 7.5 Invocations


You had 24 spell levels left.
You knew the following spells:

 Your Spells              Type           Power        Failure   Level  Hunger
a - Flame Tongue          Conj/Fire      #####        1%          1    None
b - Conjure Flame         Conj/Fire      #######.     1%          3    None
c - Sticky Flame          Conj/Fire      #######.     1%          4    None
d - Inner Flame           Hex/Fire       ######..     1%          3    None
f - Fireball              Conj/Fire      #######...   1%          5    ###....
g - Bolt of Fire          Conj/Fire      #######...   4%          6    #####..

Your spell library contained the following spells:

 Spells                   Type           Power        Failure   Level  Hunger
 Apportation              Tloc           ##....       9%          1    None
 Throw Flame              Conj/Fire      ######       1%          2    None
 Ring of Flames           Chrm/Fire      ######....   99%         7    ######.
 Summon Small Mammal      Summ           ##..         9%          1    None
 Animate Skeleton         Necr           N/A          9%          1    None
 Summon Ice Beast         Ice/Summ       ##......     63%         4    None
 Call Imp                 Summ           ##......     12%         2    None
 Spider Form              Tmut/Pois      ##........   24%         3    None
 Blade Hands              Tmut           ##........   92%         5    ###....
 Ice Form                 Ice/Tmut       ##......     63%         4    None
 Confusing Touch          Hex            ##....       9%          1    None
 Ignite Poison            Fire/Tmut/Pois #####...     4%          3    None
 Sticks to Snakes         Tmut           ##......     12%         2    None
 Beastly Appendage        Tmut           ##....       9%          1    None
 Summon Lightning Spire   Summ/Air       ##......     63%         4    None
 Spellforged Servitor     Conj/Summ      #####.....   99%         7    ######.
 Ignition                 Fire           #######...   91%         8    #######


Dungeon Overview and Level Annotations

Branches:
Dungeon (15/15)            Temple (1/1) D:6            Lair (6/6) D:11
 Shoals (0/4) Lair:2        Snake (3/4) Lair:4        Slime (0/5) Lair:5
    Orc (2/2) D:10            Elf (0/3) Orc:2        Vaults (0/5) D:14
 Depths: D:15

Altars:
Ashenzari
Cheibriados
Dithmenos
Elyvilon
Fedhas
Gozag
Hepliaklqana
Kikubaaqudgha
Makhleb
Nemelex Xobeh
Okawaru
Qazlal
Ru
Sif Muna
Trog
Uskayaw
Vehumet
Wu Jian
Xom
Yredelemnul
Zin
The Shining One
Jiyva

Shops:
D:3 *   D:9 (   D:10 }   Orc:2 *=%(

Annotations:
D:4 3 runed doors, Supahsalami's ghost, novice GrFi
D:5 Grinder
D:8 1 runed door, Zgarb's ghost, novice OgSk
D:9 exclusion: oklob plant
Lair:1 1 runed door, Otolel's ghost, journeyman MiFi


Innate Abilities, Weirdness & Mutations

You are too large for most types of armour.
You have tough skin. (AC +1)


Message History

The bolt of electricity hits you!
* * * LOW HITPOINT WARNING * * *
The shock serpent barely misses you.
Casting: Flame Tongue (safe; 1% risk of failure)
Confirm with . or Enter, or press ? or * to list all spells.
Aiming: Flame Tongue (safe; 1% risk of failure)
Press: ? - help, Shift-Dir - straight line, f/p - shock serpent
Aim: a shock serpent (severely wounded, covered in liquid flames)
You feel a surge of power!
The flame tongue hits the shock serpent.
The shock serpent is almost dead.
The shock serpent's electric aura discharges, shocking you!
* * * LOW HITPOINT WARNING * * *
The shock serpent burns!
The shock serpent stops burning.
The shock serpent's electric aura discharges, shocking you!
* * * LOW HITPOINT WARNING * * *
The shock serpent bites you.
* * * LOW HITPOINT WARNING * * *
The shock serpent shocks you!
You die...

.......'...'...#.#
.......#...#...#.#
S......#...#...#.#
.......#...#...#.#
.......#...#...#
.......#...#...##########
.......#####.............
.......S.................
.......@................
..........)..†.[........
######....#...........##
##..###..####....## ####
#### ######


You could see a shock serpent.

Vanquished Creatures
  Rupert (D:15)
  Kirke (D:13)
  Frances (Snake:2)
  A nagaraja (Snake:1)
  The ghost of TheNamelessOne the Eclecticist, a journeyman DrCj of Vehumet (D:15)
  Aizul (Snake:2)
  An orc warlord (Bailey)
  An ettin (D:15)
  An ogre mage (D:15)
  7 hydras
  3 naga warriors
  4 vault guards (D:14)
  2 centaur warriors
  10 two-headed ogres
  6 anacondas
  8 death yaks (Lair:4)
  A tengu warrior (D:15)
  2 shock serpents
  3 orc high priests (Orc:2)
  3 naga sharpshooters
  A hell knight (Volcano)
  Nergalle (Lair:3)
  5 salamander mystics
  5 skeletal warriors
  3 naga ritualists
  Pikel (D:6)
  6 mana vipers
  A wolf spider zombie (D:14)
  7 orc knights
  3 deep elf magi
  2 cyclopes
  8 salamanders
  4 ugly things
  2 manticores (D:13)
  4 elephants (Lair:5)
  6 orc sorcerers
  Maurice (D:13)
  A guardian serpent (Snake:2)
  A merfolk siren (Lair:2)
  2 molten gargoyles (Volcano)
  7 naga magi
  4 torpor snails
  31 black mambas
  10 spiny frogs
  A centaur skeleton (D:12)
  A gargoyle (D:13)
  3 rime drakes (Lair:6)
  A kobold demonologist (D:8)
  13 komodo dragons
  A yaktaur (shapeshifter) (D:15)
  A queen bee (Lair:5)
  3 meliai (Lair:5)
  A meliai (shapeshifter) (D:14)
  6 trolls
  A polar bear (Lair:5)
  20 blink frogs
  14 hippogriffs
  5 slime creatures (D:12)
  A meliai zombie (D:12)
  6 dream sheep
  Sigmund (D:6)
  5 wyverns
  8 spriggans
  3 hogs (D:13)
  7 basilisks
  50 yaks
  2 fire bats (Volcano)
  2 hungry ghosts
  A steam dragon (Lair:6)
  9 vampire mosquitoes
  An insubstantial wisp (Lair:6)
  Menkaure (D:6)
  17 nagas
  12 water moccasins
  2 hell hounds (Lair:6)
  An acid dragon (D:14)
  18 porcupines
  37 orc warriors
  2 ice beasts
  A swamp drake (Lair:6)
  A sky beast (D:9)
  2 eyes of draining
  4 phantoms
  12 ogres
  3 centaurs
  2 black bears
  3 wolves (Lair:2)
  18 crocodiles
  18 big kobolds
  17 bullfrogs
  A gnoll sergeant (Orc:1)
  2 wyvern zombies
  2 wyvern skeletons
  2 scorpions
  20 killer bees
  A troll zombie (D:10)
  An electric eel (Lair:2)
  2 jellies
  17 wights
  2 howler monkeys
  5 centaur zombies
  4 crimson imps
  7 lava snakes (Volcano)
  A quasit (D:10)
  A bullfrog skeleton (D:9)
  30 orc wizards
  12 orc priests
  7 hounds
  A gnoll shaman (D:11)
  Jessica (D:2)
  4 iguanas
  10 worker ants
  6 ogre zombies (D:10)
  3 hound skeletons
  2 hound zombies
  2 worker ant zombies
  23 gnolls
  12 adders
  5 shadow imps
  An ooze (D:4)
  4 adder skeletons
  6 worms (D:2)
  2 dart slugs (D:1)
  11 leopard geckos
  69 orcs
  23 hobgoblins
  12 jackals
  A quokka (D:12)
  5 bats
  5 frilled lizards
  27 goblins
  3 goblin skeletons (D:10)
  A goblin zombie (D:10)
  2 hobgoblin zombies (D:10)
  27 kobolds
  A leopard gecko zombie (D:6)
  2 orc skeletons (D:10)
  17 orc zombies (D:10)
  A quokka skeleton (D:4)
  2 quokka zombies
  6 rats
  2 plants
928 creatures vanquished.

Vanquished Creatures (collateral kills)
  2 salamanders (Volcano)
2 creatures vanquished.

Vanquished Creatures (others)
  11 fungi
  18 plants
29 creatures vanquished.

Grand Total: 959 creatures vanquished

Notes
Turn   | Place    | Note
-------+----------+-------------------------------------------
     0 | D:1      | inc the Ogre Fire Elementalist began the quest for the Orb.
     0 | D:1      | Reached XP level 1. HP: 16/16 MP: 3/3
    34 | D:1      | Reached skill level 1 in Conjurations
   320 | D:1      | Reached XP level 2. HP: 22/24 MP: 0/5
   896 | D:2      | Reached XP level 3. HP: 31/31 MP: 3/6
  1123 | D:2      | Reached XP level 4. HP: 28/39 MP: 1/8
  1355 | D:1      | Learned a level 3 spell: Conjure Flame
  1360 | D:1      | Learned a level 4 spell: Sticky Flame
  1389 | D:2      | Reached skill level 3 in Spellcasting
  1536 | D:2      | Noticed Jessica
  1541 | D:2      | Killed Jessica
  1541 | D:2      | Reached XP level 5. HP: 33/45 MP: 5/9
  2858 | D:3      | Found Gozag's Platinum Reserve.
  2860 | D:3      | Found an opulent altar of Gozag.
  3088 | D:4      | Reached XP level 6. HP: 53/53 MP: 8/11
  3180 | D:4      | Reached skill level 4 in Spellcasting
  3266 | D:4      | Found a runed gate.
  3267 | D:4      | Found a runed gate.
  3268 | D:4      | Found a runed gate.
  3272 | D:4      | Noticed Supahsalami's ghost (novice GrFi)
  3294 | D:4      | Found a snail-covered altar of Cheibriados.
  3911 | D:5      | Entered Level 5 of the Dungeon
  4001 | D:5      | Reached XP level 7. HP: 51/59 MP: 9/14
  4248 | D:5      | Found a blossoming altar of Fedhas.
  4248 | D:5      | Noticed Grinder
  4397 | D:5      | Got a faintly humming robe
  4408 | D:5      | Identified the +1 robe of a volcano {+Inv Int-5 Dex+4} (You found it on level 5 of the Dungeon)
  4443 | D:5      | Reached skill level 5 in Spellcasting
  4904 | D:6      | Found a staircase to the Ecumenical Temple.
  4913 | Temple   | Entered the Ecumenical Temple
  4998 | Temple   | Became a worshipper of Warmaster Okawaru
  5189 | D:6      | Noticed Menkaure
  5462 | D:6      | Killed Menkaure
  5462 | D:6      | Reached * piety under Okawaru
  5462 | D:6      | Reached skill level 5 in Conjurations
  5462 | D:6      | Reached skill level 5 in Fire Magic
  5462 | D:6      | Reached XP level 8. HP: 52/67 MP: 10/16
  5558 | D:6      | Noticed Sigmund
  5569 | D:6      | Killed Sigmund
  5569 | D:6      | Reached skill level 6 in Spellcasting
  6100 | D:6      | Noticed Pikel
  6118 | D:6      | Killed Pikel
  6118 | D:6      | Reached ** piety under Okawaru
  6118 | D:6      | Reached skill level 7 in Spellcasting
  6118 | D:6      | Reached XP level 9. HP: 52/74 MP: 10/20
  6695 | D:7      | Reached skill level 1 in Fighting
  6695 | D:7      | Reached skill level 1 in Invocations
  6849 | D:7      | HP: 4/80 [killer bee (7)]
  6850 | D:7      | Reached *** piety under Okawaru
  7889 | D:8      | Reached skill level 5 in Fighting
  7910 | D:8      | Got a ripped robe
  7911 | D:8      | Identified the cursed +1 robe "Rophiene" {rF++ rC- Str+4} (You found it on level 8 of the Dungeon)
  7980 | D:8      | Reached skill level 1 in Maces & Flails
  8021 | D:8      | Learned a level 3 spell: Inner Flame
  8044 | D:8      | Found a basalt altar of Yredelemnul.
  8044 | D:8      | Found a bloodstained altar of Trog.
  8058 | D:8      | Found a runed door.
  8202 | D:8      | Reached XP level 10. HP: 45/100 MP: 13/21
  8206 | D:8      | Reached **** piety under Okawaru
  8340 | D:8      | Noticed a kobold demonologist
  8600 | D:8      | Killed a kobold demonologist
  8817 | D:8      | Noticed Zgarb's ghost (novice OgSk)
  9093 | D:8      | Reached ***** piety under Okawaru
  9098 | D:8      | Reached skill level 5 in Maces & Flails
  9899 | D:9      | Found Zoyng's Weapon Boutique.
  9984 | D:9      | Found a flagged portal.
  9993 | Bailey   | Entered a bailey
 10362 | Bailey   | Noticed an orc knight
 10382 | Bailey   | Killed an orc knight
 10385 | Bailey   | Reached XP level 11. HP: 64/115 MP: 5/22
 10658 | Bailey   | Reached XP level 12. HP: 124/124 MP: 23/23
 10670 | Bailey   | Noticed an orc warlord
 10688 | Bailey   | Killed an orc warlord
 11263 | D:9      | Found a shimmering altar of Xom.
 11570 | D:10     | Entered Level 10 of the Dungeon
 11604 | D:10     | Found a staircase to the Orcish Mines.
 11820 | D:10     | Found Raesuowk's Gadget Shop.
 11916 | D:10     | Reached ****** piety under Okawaru
 12278 | D:10     | Received a gift from Okawaru
 12816 | D:10     | Identified a scroll of acquirement
 13034 | D:10     | Reached skill level 8 in Spellcasting
 13237 | D:11     | Found a staircase to the Lair.
 13993 | D:12     | Reached skill level 5 in Invocations
 14175 | D:12     | Noticed a two-headed ogre
 14185 | D:12     | Killed a two-headed ogre
 14365 | Lair:1   | Entered Level 1 of the Lair of Beasts
 14365 | Lair:1   | Found a runed door.
 14366 | Lair:1   | Noticed Otolel's ghost (journeyman MiFi)
 14368 | Lair:1   | Noticed a spriggan rider
 14632 | Lair:1   | Upgraded the game from 0.22-a0-858-g985ef60 to 0.22-a0-880-gb7b0c8b
 15080 | Lair:1   | Reached XP level 13. HP: 103/131 MP: 25/25
 15738 | Lair:1   | HP: 3/131 [eight-headed hydra (9)]
 15791 | Lair:1   | Learned a level 5 spell: Fireball
 16458 | Lair:2   | Received a gift from Okawaru
 16495 | Lair:2   | Got a scorched hat {god gift}
 16501 | Lair:2   | Identified the +2 hat of Gravity {rF+ Regen+ Str-2} (Okawaru gifted it to you on level 2 of the Lair of Beasts)
 16574 | Lair:2   | Found a staircase to the Shoals.
 17145 | Lair:2   | You fall through a shaft for 2 floors!
 17400 | Lair:5   | Found a dark tunnel.
 17478 | Lair:6   | Entered Level 6 of the Lair of Beasts
 17514 | Volcano  | Entered a volcano
 18084 | Volcano  | Found a burning altar of Makhleb.
 18573 | Lair:5   | Reached skill level 10 in Conjurations
 18668 | Lair:5   | Reached skill level 10 in Fire Magic
 18807 | Lair:5   | Received a gift from Okawaru
 19101 | Lair:4   | Reached XP level 14. HP: 133/140 MP: 24/26
 19431 | Lair:3   | Received a gift from Okawaru
 19714 | Lair:5   | Got a fine giant club {god gift}
 19715 | Lair:5   | Identified the +1 giant club "Muschaarph" {venom, rC+ Stlth+} (Okawaru gifted it to you on level 5 of the Lair of Beasts)
 19947 | Lair:4   | Found a staircase to the Snake Pit.
 20598 | Lair:5   | Found a viscous altar of Jiyva.
 20598 | Lair:5   | Found a staircase to the Slime Pits.
 21559 | Lair:6   | Reached skill level 9 in Spellcasting
 21780 | Lair:6   | HP: 5/140 [lindwurm (7)]
 21980 | Lair:6   | Received a gift from Okawaru
 22047 | Lair:6   | Learned a level 6 spell: Bolt of Fire
 22215 | Lair:6   | Reached skill level 10 in Spellcasting
 22592 | Lair:6   | Reached XP level 15. HP: 83/148 MP: 29/29
 23079 | Lair:3   | HP: 6/148 [torpor snail (9)]
 23218 | Lair:3   | Reached skill level 11 in Spellcasting
 23481 | Lair:3   | Noticed Nergalle
 23567 | Lair:6   | Got twisted swamp dragon scales {god gift}
 23578 | Lair:6   | Identified the +4 swamp dragon scales "Gulitt" {+Inv rPois rCorr Slay-4} (Okawaru gifted it to you on level 6 of the Lair of Beasts)
 23659 | Lair:3   | Killed Nergalle
 24636 | Orc:1    | Entered Level 1 of the Orcish Mines
 24644 | Orc:1    | Reached skill level 12 in Spellcasting
 24805 | Orc:2    | Entered Level 2 of the Orcish Mines
 24817 | Orc:2    | Found a staircase to the Elven Halls.
 26098 | Orc:2    | Found Balohi's Antique Weapon Shoppe.
 26102 | Orc:2    | Found Woczoatigi's Food Boutique.
 26213 | Orc:2    | Found Rudoesum's Jewellery Boutique.
 26224 | Orc:2    | Found Joghu's General Store.
 26336 | Orc:2    | Bought a scroll of identify for 32 gold pieces
 26336 | Orc:2    | Bought a potion of resistance for 160 gold pieces
 26336 | Orc:2    | Bought a potion of resistance for 160 gold pieces
 26407 | Orc:1    | Found a bloodstained altar of Trog.
 27122 | D:12     | Identified the Handbook of Poison and Creation
 27922 | D:13     | Noticed Kirke
 27932 | D:13     | Killed Kirke
 27993 | D:13     | Received a gift from Okawaru
 28485 | D:13     | Found a shadowy altar of Dithmenos.
 28883 | D:13     | Noticed Maurice
 28886 | D:13     | Killed Maurice
 29203 | D:14     | Found a blossoming altar of Fedhas.
 29607 | D:14     | Reached XP level 16. HP: 157/157 MP: 26/32
 29844 | D:14     | Found a gate to the Vaults.
 30885 | D:15     | Entered Level 15 of the Dungeon
 31243 | D:15     | Received a gift from Okawaru
 31387 | D:15     | Found a runed door.
 31394 | D:15     | Noticed TheNamelessOne's ghost (journeyman DrCj)
 31401 | D:15     | Killed TheNamelessOne's ghost
 31469 | D:15     | Noticed Rupert
 31519 | D:15     | Killed Rupert
 32222 | Snake:1  | Entered Level 1 of the Snake Pit
 32264 | Snake:1  | Reached skill level 10 in Fighting
 33013 | Snake:1  | Noticed a nagaraja
 33025 | Snake:1  | Killed a nagaraja
 33383 | Snake:1  | Reached skill level 13 in Spellcasting
 33475 | Snake:2  | Noticed Frances
 33935 | Snake:2  | Noticed Aizul
 34144 | Snake:2  | Killed Frances
 34144 | Snake:2  | Received a gift from Okawaru
 34285 | Snake:2  | Reached XP level 17. HP: 133/170 MP: 25/34
 34538 | Snake:2  | Killed Aizul
 34538 | Snake:2  | Reached skill level 14 in Spellcasting
 35369 | Snake:3  | Reached skill level 15 in Spellcasting
 35574 | Snake:3  | Received a gift from Okawaru
 35638 | Snake:3  | Slain by a shock serpent

Vault maps used:
D:1:      saegor_arrival_simple_a
D:2:      uniq_jessica
D:3:      nicolae_gozag_zags_fifth_avenue, wad_floor_pattern_1
D:4:      cheibriados_altar_1, gammafunk_ghost_nasty_kobolds, minmay_lizard_king
D:5:      lemuel_crystal_altar, first_ration, uniq_grinder
D:6:      minmay_temple_entry_poolview, minmay_misc_feat_rows, uniq_sigmund,
          uniq_pikel, uniq_menkaure
D:7:      the_bakery, minmay_misc_feat_plants
D:8:      chequers_temple_overflow_statue_of_worship,
          ebering_ghost_funeral_grove, special_room, interstate_on_off,
          minmay_bent
D:9:      enter_bailey_2, serial_column_ruins, column_ruins_circle_small,
          column_ruins_square_medium, column_ruins_columns_dead_end,
          column_ruins_open_tiny, column_ruins_corridor_straight,
          column_ruins_open_small, column_ruins_columns_water,
          column_ruins_grid_3, column_ruins_corridor_corner, serial_shops, shop,
          lemuel_oklob_altar
D:10:     zombieorc2_lemuel, serial_shops, nicolae_shop_stone
D:11:     lair_entry_dummy
D:13:     nicolae_dithmenos_the_darkroom, uniq_kirke, uniq_maurice
D:14:     lightli_vaults_fourway_checkpoint, hangedman_decor_opposing,
          fedhas_altar_2
D:15:     hangedman_depths_entry_civil_slaughter, nicolae_benzene_ring,
          ebering_ghost_reflecting_pool, elyvilon_altar_3, uniq_rupert,
          uniq_nessos
Temple:   minmay_crystal_spiral_temple
Lair:1:   kb_forest_paths, ebering_ghost_funeral_grove, beast_lair_carwin_1
Lair:2:   minmay_shoals_entry_lonely_mermaid, beast_lair_carwin_6,
          serial_bayou_shore_a
Lair:3:   wad_woods_road_05, uniq_nergalle
Lair:4:   guppyfry_snake_entry_island, grunt_megastairs_5
Lair:5:   dpeg_slime_entry_enclosed_altar, special_room, enter_volcano_1,
          small_statue_intersection
Lair:6:   cheibrodos_lair_end_hotspot, portal_ice_cave_rime, pond
Snake:1:  grunt_megastairs_2
Snake:2:  uniq_aizul, uniq_frances
Orc:1:    basic_altar
Orc:2:    st_orc_elflike
Bailey:   bailey_axe_minmay_hex_keep, bailey
Volcano:  volcano_lake

Skill      XL: |  1  2  3  4  5  6  7  8  9 10 11 12 13 14 15 16 17 |
---------------+----------------------------------------------------+-----
Conjurations   | 1 2 3 4 5 6 7 10 11 13 | 13.4
Fire Magic     | 3 4 5 6 7 10 11 13 | 13.4
Spellcasting   | 3 4 5 7 8 10 12 13 15 | 15.4
Fighting       | 6 9 11 | 11.1
Invocations    | 4 7 |  7.5
Maces & Flails | 2 7 11 12 13 | 13.1
Armour         | |  0.4
Dodging        | |  1.7
Stealth        | |  1.4

Action                   |  1- 3 |  4- 6 |  7- 9 | 10-12 | 13-15 | 16-18 || total
-------------------------+-------+-------+-------+-------+-------+-------++-------
Melee: Whip              |    23 |    34 |    39 |       |       |       ||    96
       Spear             |       |     1 |    19 |       |       |       ||    20
       Giant club        |       |       |    57 |    35 |   113 |   159 ||   364
       Staff             |       |       |       |       |    13 |     2 ||    15
 Cast: Flame Tongue      |    40 |   140 |   217 |   751 |   656 |    68 ||  1872
       Sticky Flame      |       |     1 |    15 |    48 |   180 |    49 ||   293
       Conjure Flame     |       |       |     2 |     6 |    18 |     3 ||    29
       Inner Flame       |       |       |       |     2 |    16 |     4 ||    22
       Fireball          |       |       |       |       |   134 |    22 ||   156
       Bolt of Fire      |       |       |       |       |    31 |   116 ||   147
Invok: Heroism           |       |       |     3 |       |     7 |    11 ||    21
       Finesse           |       |       |       |       |     3 |     5 ||     8
Evoke: Wand              |       |       |       |       |     3 |       ||     3
  Use: Scroll            |       |     2 |    15 |    12 |    18 |     9 ||    56
       Potion            |       |       |     6 |     3 |    11 |     3 ||    23
  Eat: Chunk             |       |     9 |    15 |    21 |    60 |    20 ||   125
       Ration            |       |       |     5 |     3 |    11 |    12 ||    31
Armor: Robe              |    18 |    43 |    53 |    27 |    47 |    20 ||   208
       Skin              |       |       |    13 |       |       |       ||    13
       Troll leather arm |       |       |       |   138 |   227 |       ||   365
       Swamp dragon scal |       |       |       |       |    14 |   118 ||   132
Dodge: Dodged            |    27 |    82 |   124 |   257 |   317 |   134 ||   941
Block: Other             |       |       |       |       |     4 |       ||     4
       Reflection        |       |       |       |       |     1 |       ||     1

Table legend:
 A = Spawn XP
 B = Non-spawn XP
 C = Spawn XP percentage of total XP
 D = Spawn monster count
 E = Non-spawn monster count
 F = Spawn count percentage of total count
 G = Total turns spent on level
                    A         B        C        D         E        F      G
               +---------+---------+-------+---------+---------+-------+---------
         Total |       0 |  194007 |   0.0 |       0 |     928 |   0.0 | 35638
               +---------+---------+-------+---------+---------+-------+---------
           D:1 |       0 |      28 |   0.0 |       0 |      15 |   0.0 |  1210
           D:2 |       0 |     178 |   0.0 |       0 |      31 |   0.0 |   913
           D:3 |       0 |     111 |   0.0 |       0 |      18 |   0.0 |   905
           D:4 |       0 |     273 |   0.0 |       0 |      14 |   0.0 |   912
           D:5 |       0 |     263 |   0.0 |       0 |       7 |   0.0 |  1154
           D:6 |       0 |    1824 |   0.0 |       0 |      27 |   0.0 |  1277
           D:7 |       0 |    1122 |   0.0 |       0 |      17 |   0.0 |  1560
           D:8 |       0 |    3372 |   0.0 |       0 |      57 |   0.0 |  1394
           D:9 |       0 |    1809 |   0.0 |       0 |      37 |   0.0 |  1249
          D:10 |       0 |    2551 |   0.0 |       0 |      63 |   0.0 |  1469
          D:11 |       0 |     971 |   0.0 |       0 |      11 |   0.0 |   896
          D:12 |       0 |    8162 |   0.0 |       0 |      44 |   0.0 |  1251
          D:13 |       0 |   10839 |   0.0 |       0 |      32 |   0.0 |  1647
          D:14 |       0 |   15160 |   0.0 |       0 |      38 |   0.0 |  1527
          D:15 |       0 |   16346 |   0.0 |       0 |      26 |   0.0 |   667
        Lair:1 |       0 |    7009 |   0.0 |       0 |      34 |   0.0 |  1927
        Lair:2 |       0 |    6541 |   0.0 |       0 |      32 |   0.0 |  1289
        Lair:3 |       0 |    8814 |   0.0 |       0 |      30 |   0.0 |  1226
        Lair:4 |       0 |   12520 |   0.0 |       0 |      32 |   0.0 |  1689
        Lair:5 |       0 |    7546 |   0.0 |       0 |      41 |   0.0 |  2390
        Lair:6 |       0 |   19050 |   0.0 |       0 |      69 |   0.0 |  1532
       Snake:1 |       0 |   14746 |   0.0 |       0 |      25 |   0.0 |   981
       Snake:2 |       0 |   15129 |   0.0 |       0 |      24 |   0.0 |  1542
       Snake:3 |       0 |   17838 |   0.0 |       0 |      36 |   0.0 |   618
         Orc:1 |       0 |    2511 |   0.0 |       0 |      42 |   0.0 |   664
         Orc:2 |       0 |   10351 |   0.0 |       0 |      41 |   0.0 |  1634
        Bailey |       0 |    4555 |   0.0 |       0 |      69 |   0.0 |  1015
       Volcano |       0 |    4388 |   0.0 |       0 |      16 |   0.0 |   929
               +---------+---------+-------+---------+---------+-------+---------
